 Dungeon Crawl Stone Soup version 0.18.1-50-g88ac8fd (webtiles) character file.

56485 Amnesiac the Grand Gadgeteer (level 14, -1/72 HPs)
             Began as a Vine Stalker Artificer on June 15, 2018.
             Was the Champion of Pakellas.
             Slain by a purple very ugly thing (14 damage)
             ... on level 1 of the Depths.
             The game lasted 00:52:34 (15621 turns).

Amnesiac the Grand Gadgeteer (VSAr)                Turns: 15621, Time: 00:52:34

Health: -1/72      AC: 21    Str: 19    XL:     14   Next: 82%
Magic:  0/28       EV: 13    Int: 10    God:    Pakellas [******]
Gold:   1426       SH: 11    Dex: 11    Spells: 4 memorised, 4 levels left

rFire  . . .     SeeInvis .     c - +0 rod of ignition (2/14)
rCold  + . .     Gourm    .     v - +0 troll leather armour {Purgy}
rNeg   . . .     Faith    .     i - +2 buckler
rPois  .         Spirit   +     q - +0 helmet
rElec  .         Dismiss  .     Q - +2 cloak
rCorr  .         Reflect  +     X - +0 pair of gloves
SustAt .         Harm     .     L - +2 pair of boots
MR     +....     Rnd*Rage +     m - +5 amulet of reflection
Stlth  +.........               y - ring of protection from cold
                                l - +4 ring of protection

@: constricted, somewhat resistant to hostile enchantments, very unstealthy
A: fangs 3, hooves 1, icy blue scales 1, iridescent scales 1, berserk 1, clumsy
2, dopey 1, mutation resistance 2, regeneration 3, magic shield, antimagic bite,
no device heal 3, rot immunity, sturdy frame 1
a: Quick Charge, Device Surge, Renounce Religion


You were on level 1 of the Depths.
You worshipped Pakellas.
Pakellas was exalted by your worship.
You were near starving.

You visited 2 branches of the dungeon, and saw 16 of its levels.
You also visited: Sewer.

You collected 1426 gold pieces.

Inventory:

Hand Weapons
 a - a +3 dagger of venom
 Y - a +1 dagger of draining
Armour
 e - the +1 robe of the Evil One {rElec Dex+3}
   (You found it on level 15 of the Dungeon)

   It affects your dexterity (+3).
   It insulates you from electricity.
 i - a +2 buckler (worn)
 q - a +0 helmet (worn)
 r - a +0 chain mail of fire resistance
 v - a +0 troll leather armour (worn) {Purgy}
 L - a +2 pair of boots (worn)
 Q - a +2 cloak (worn)
 X - a +0 pair of gloves (worn)
Rods
 b - a +10 rod of clouds (8/18)
   (You found it on level 7 of the Dungeon)
 c - a +0 rod of ignition (2/14) (in hand)
   (You found it on level 10 of the Dungeon)
 U - a +6 lightning rod (0/14)
   (Pakellas gifted it to you on level 9 of the Dungeon)
Jewellery
 l - a +4 ring of protection (left hand)
 m - a +5 amulet of reflection (around neck)
 y - a ring of protection from cold (right hand)
 E - an uncursed ring of poison resistance
 F - an uncursed ring of protection from magic
 W - the ring of the Fool {SustAt +Blink rF+++}
   (You took it off an orc on level 12 of the Dungeon)

   [ring of sustain attributes]

   It sustains your strength, intelligence and dexterity.
   It renders you almost immune to fire.
   It lets you blink.
Wands
 d - a wand of enslavement (21/24)
 g - a wand of confusion (33/48)
 t - a wand of disintegration (16/24)
 J - a wand of lightning (15/15)
 N - a wand of iceblast (12/15)
 O - a wand of digging (16/24)
 T - a wand of hasting (8/9)
Scrolls
 h - 5 scrolls of blinking {!r}
 n - 12 scrolls of remove curse {!r}
 s - a scroll of vulnerability {!r}
 w - a scroll of teleportation {!r}
 x - 5 scrolls of fog {!r}
 B - 3 scrolls of enchant armour {!r}
 M - a scroll of silence {!r}
 R - a scroll of magic mapping {!r}
 S - a scroll of amnesia {!r}
Potions
 o - 8 potions of magic {!q}
 p - 3 potions of flight {!q}
 u - 3 potions of brilliance {!q}
 z - 2 potions of agility {!q}
 C - 2 potions of might {!q}
 D - 8 potions of curing {!q}
 H - 2 potions of haste {!q}
 I - a potion of ambrosia {!q}
 K - 2 potions of invisibility {!q}
 P - 2 potions of cancellation {!q}
Miscellaneous
 A - a phantom mirror
 G - a fan of gales
 Z - a phial of floods
Comestibles
 f - 3 bread rations
 j - 6 chunks of flesh
 k - 9 meat rations


   Skills:
 - Level 7.0 Fighting
 - Level 0.8 Short Blades
 + Level 10.3 Dodging
 - Level 1.2 Stealth
 - Level 4.0 Shields
 * Level 18.1 Evocations


You had 4 spell levels left.
You knew the following spells:

 Your Spells              Type           Power        Failure   Level  Hunger
a - Cure Poison           Pois           #.........   63%         2    ###....
b - Repel Missiles        Chrm/Air       #.....       63%         2    ###....
c - Swiftness             Chrm/Air       #.......     63%         2    ###....
e - Mephitic Cloud        Conj/Pois/Air  #.......     93%         3    ####...


Dungeon Overview and Level Annotations

Branches:
Dungeon (15/15)            Temple (0/1) D:6            Lair (0/8) D:10
    Orc (0/2) D:12         Vaults (0/5) D:13         Depths (1/5) D:15

Altars:
Ashenzari
Dithmenos
Elyvilon
Fedhas
Makhleb
Okawaru
Pakellas
Qazlal
Ru
Sif Muna
Trog
Vehumet
Yredelemnul
Zin
The Shining One

Shops:
D:4 [

Annotations:
D:4 1 runed door


Innate Abilities, Weirdness & Mutations

You have razor-sharp teeth.
You regenerate.
When hurt, damage is shared between your health and your magic reserves.
Your bite disrupts and absorbs the magic of your enemies.
Potions and wands cannot restore your health.
You are immune to rotting.
You have large cloven feet.
You are partially covered in icy blue scales (AC +1).
You are partially covered in iridescent scales (AC +4).
You tend to lose your temper in combat.
You are very clumsy. (Dex -4)
You are dopey. (Int -2)
You are somewhat resistant to both further mutation and mutation removal.
Your movements are slightly less encumbered by armour (ER -2).


Message History

You feel your power returning.
The iceblast engulfs the yaktaur captain.
The yaktaur captain is almost dead.
This wand has 13 charges left.
You hear a horrible gurgling sound! x2; You hear a shout! x2
The purple very ugly thing is engulfed in poison gas.
The purple very ugly thing is poisoned.
The yaktaur captain wields an arbalest.
The yaktaur captain shoots a bolt.
The bolt is repelled.
You feel less protected from missiles.
The yaktaur shoots a bolt.
You reflect the bolt off an invisible shield around you!
The bolt hits the yaktaur.
An ugly thing, a very ugly thing and a two-headed ogre come into view.
Evoke which item? (* to show all) (? for menu, Esc to quit)
Zapping:
N - a wand of iceblast (13/15)
Press: ? - help, Shift-Dir - straight line, f/p - yaktaur captain
Aim: a yaktaur captain, wielding an arbalest (almost dead)
The mass of ice explodes!
The iceblast engulfs the yaktaur captain.
You kill the yaktaur captain!
Pakellas accepts your kill.
You feel your power returning.
The iceblast engulfs the two-headed ogre.
The two-headed ogre is severely wounded.
This wand has 12 charges left.
The purple very ugly thing is engulfed in poison gas.
The purple very ugly thing looks even sicker.
The purple very ugly thing is engulfed in poison gas.
The purple very ugly thing looks even sicker.
The yaktaur shoots a bolt.
The bolt hits you!!
* * * LOW HITPOINT WARNING * * *
You block the two-headed ogre's attack.
The two-headed ogre hits you with a giant spiked club.
* * * LOW HITPOINT WARNING * * *
You block the tentacled monstrosity's attack.
The tentacled monstrosity misses you.
The tentacled monstrosity tentacle-slaps you.
* * * LOW HITPOINT WARNING * * *
The tentacled monstrosity grabs you.
You stop ascending the stairs.
* * * LOW HITPOINT WARNING * * *
The tentacled monstrosity constricts you!
The purple very ugly thing is engulfed in poison gas.
The purple very ugly thing looks even sicker.
Read which item? (? for menu, Esc to quit)
Really read
h - 6 scrolls of blinking {!r}?
Blink to where?
Press: ? - help, Dir - move target cursor Your attempt to break free from the tentacled monstrosity fails, but you feel that another attempt might succeed.
As you read the scroll of blinking {!r}, it crumbles to dust.
The two-headed ogre is engulfed in poison gas.
The two-headed ogre is poisoned.
The yaktaur shoots a bolt.
You reflect the bolt off an invisible shield around you!
The bolt hits the yaktaur.
The two-headed ogre barely misses you. You block the two-headed ogre's attack.
The tentacled monstrosity misses you.
The tentacled monstrosity tentacle-slaps you but does no damage.
The tentacled monstrosity tentacle-slaps you.
* * * LOW HITPOINT WARNING * * *
x2 The tentacled monstrosity constricts you!
The purple very ugly thing is engulfed in poison gas.
The purple very ugly thing is poisoned.
The purple very ugly thing is engulfed in poison gas.
The purple very ugly thing tentacle-slaps you!!
You die...
Pakellas says: Time to find a new assistant...

###........? ..
#.......... .).
..........##...
............)..
...u......O)c(.
........O)..§..
.##§§...§§§§§..
#.§§u§X@§§§....
..§§§§u.O......
..§O§.%........
#.§.....#......
.#§(...#####...
..#.... .. .
#.... . .....


You could see a tentacled monstrosity, 2 very ugly things, a purple ugly thing,
a yaktaur, 3 two-headed ogres and an ogre.

Vanquished Creatures
  Frances (D:12)
  Kirke (D:13)
  A frost giant (Depths:1)
  Snorg (D:12)
  An ogre mage (Depths:1)
  A yaktaur captain (Depths:1)
  Erolcha (D:13)
  A hydra (D:14)
  2 ice dragons (D:15)
  A rakshasa (D:14)
  4 centaur warriors
  Erica (D:10)
  Sonja (D:12)
  A shadow wraith (D:13)
  A deep troll (D:13)
  3 unseen horrors
  10 hill giants
  4 manticores
  A wizard (D:13)
  17 ugly things
  A deep elf mage (D:15)
  A griffon (D:13)
  5 cyclopes
  A gargoyle (D:10)
  2 kobold demonologists
  A komodo dragon (D:10)
  2 yaktaurs (Depths:1)
  4 trolls
  2 tengu conjurers (D:14)
  2 two-headed ogres
  11 slime creatures
  2 water elementals (D:14)
  A wraith (D:13)
  A spriggan (shapeshifter) (D:13)
  A hog (D:13)
  29 yaks
  A shadow (D:11)
  Grum (D:9)
  2 wyverns
  2 steam dragons
  2 hippogriffs
  The ghost of GammafunkIsABaby the Chiller, an amateur HEIE of Yredelemnul (D:5)
  13 orc warriors
  Purgy (Sewer)
  3 ice beasts
  2 eyes of draining
  8 sky beasts
  A black bear (D:8)
  4 wasps
  9 ogres
  4 wolves (D:8)
  8 centaurs
  10 big kobolds
  10 giant frogs
  A wyvern skeleton (D:15)
  2 scorpions
  A water moccasin skeleton (D:5)
  3 electric eels
  5 howler monkeys
  7 centaur zombies
  4 crimson imps
  A quasit (D:11)
  5 centaur skeletons
  6 hounds
  13 orc priests
  A gnoll shaman (D:5)
  4 giant frog skeletons
  6 jellies
  16 orc wizards
  Crazy Yiuf (D:4)
  3 iguanas
  Natasha (thrice) (D:2)
  11 worker ants
  9 sheep
  A killer bee zombie (D:9)
  16 gnolls
  16 adders
  4 shadow imps
  3 oozes
  An adder skeleton (D:4)
  2 adder zombies
  4 worms
  A worm (shapeshifter) (D:13)
  4 dart slugs
  5 giant geckos
  44 orcs
  5 ball pythons
  4 bats
  4 giant cockroaches
  12 goblins
  12 hobgoblins
  13 jackals
  34 kobolds
  7 quokkas
  5 giant newts
  3 quokka skeletons
  9 rats
513 creatures vanquished.

Vanquished Creatures (collateral kills)
  A cyclops (D:12)
  The ghost of GammafunkIsABaby the Chiller, an amateur HEIE of Cheibriados (D:4)
  A crimson imp (D:12)
  An orc priest (D:5)
  An orc wizard (D:5)
5 creatures vanquished.

Vanquished Creatures (others)
  A slime creature (D:12)
  2 humans (D:13)
  An orc wizard (D:13)
  An orc (D:13)
  A kobold (D:2)
  8 plants (D:10)
14 creatures vanquished.

Grand Total: 532 creatures vanquished

Notes
Turn   | Place    | Note
--------------------------------------------------------------
     0 | D:1      | Amnesiac the Vine Stalker Artificer began the quest for the Orb.
     0 | D:1      | Reached XP level 1. HP: 9/9 MP: 3/3
    28 | D:1      | Reached skill level 3 in Evocations
    58 | D:1      | Reached XP level 2. HP: 14/14 MP: 5/5
   158 | D:2      | Noticed Natasha
   246 | D:3      | Found a shadowy altar of Dithmenos.
   340 | D:3      | Reached XP level 3. HP: 17/17 MP: 6/6
   365 | D:3      | Found a glowing drain.
   374 | Sewer    | Entered a sewer
   460 | Sewer    | Noticed Purgy
   471 | Sewer    | Killed Purgy
   471 | Sewer    | Reached skill level 4 in Evocations
   471 | Sewer    | Reached XP level 4. HP: 19/21 MP: 6/8
   471 | Sewer    | Reached XP level 5. HP: 23/25 MP: 6/9
   626 | D:3      | Found a faded altar to an unknown god.
   670 | D:4      | Found a glowing golden altar of the Shining One.
   680 | D:4      | Noticed an ogre
   682 | D:4      | Found Wetet's Armour Shop.
   697 | D:4      | Killed an ogre
   697 | D:4      | Reached skill level 5 in Evocations
   697 | D:4      | Gained mutation: You heal very quickly. [Vine Stalker growth]
   697 | D:4      | Reached XP level 6. HP: 23/29 MP: 8/10
   803 | D:4      | Noticed Crazy Yiuf
   816 | D:4      | Killed Crazy Yiuf
   931 | D:4      | Noticed GammafunkIsABaby's ghost (amateur HEIE)
   943 | D:4      | Noticed an ice beast
   959 | D:4      | Noticed an ice beast
   985 | D:4      | Noticed an ice beast
   989 | D:4      | Killed GammafunkIsABaby's ghost
  1149 | D:4      | Reached XP level 7. HP: 25/32 MP: 9/12
  1155 | D:4      | Reached skill level 6 in Evocations
  1188 | D:4      | Found a runed door.
  1188 | D:4      | Noticed a human
  1192 | D:4      | Found a basalt altar of Yredelemnul.
  1652 | D:5      | Entered Level 5 of the Dungeon
  2026 | D:5      | Reached skill level 7 in Evocations
  2085 | D:5      | Found a sacrificial altar of Ru.
  2088 | D:5      | Found an oddly glowing altar of Pakellas.
  2094 | D:5      | Found a stormy altar of Qazlal.
  2100 | D:5      | Became a worshipper of Pakellas the Inventive
  2140 | D:5      | Gained mutation: You have razor-sharp teeth. [Vine Stalker growth]
  2140 | D:5      | Reached XP level 8. HP: 37/37 MP: 14/14
  2867 | D:1      | Reached * piety under Pakellas
  2867 | D:1      | Received a gift from Pakellas
  3168 | D:2      | Killed Natasha
  3461 | D:2      | Reached ** piety under Pakellas
  3461 | D:2      | Received a gift from Pakellas
  3499 | D:2      | Noticed Natasha
  3508 | D:2      | Killed Natasha
  3805 | D:2      | Noticed Natasha
  3808 | D:2      | Killed Natasha
  4820 | D:5      | Noticed GammafunkIsABaby's ghost (amateur HEIE)
  4856 | D:5      | Killed GammafunkIsABaby's ghost
  4856 | D:5      | Reached skill level 8 in Evocations
  4892 | D:5      | Reached skill level 5 in Dodging
  4937 | D:5      | Found a shattered altar of Ashenzari.
  5258 | D:6      | Reached XP level 9. HP: 35/40 MP: 14/16
  5277 | D:6      | Reached skill level 9 in Evocations
  5343 | D:6      | Noticed a green ugly thing
  5354 | D:6      | Killed a brown ugly thing
  5388 | D:6      | Reached *** piety under Pakellas
  5388 | D:6      | Received a gift from Pakellas
  5414 | D:6      | Found a sacrificial altar of Ru.
  5452 | D:6      | Found a staircase to the Ecumenical Temple.
  5828 | D:6      | Found a radiant altar of Vehumet.
  6173 | D:7      | Identified a +0 rod of clouds (12/12) (You found it on level 7 of the Dungeon)
  6241 | D:7      | Reached skill level 10 in Evocations
  6321 | D:7      | Gained mutation: You are dopey. (Int -2) [mutagenic meat]
  6322 | D:7      | Gained mutation: You are partially covered in iridescent scales (AC +4). [mutagenic meat]
  6324 | D:7      | Gained mutation: You are clumsy. (Dex -2) [mutagenic meat]
  6325 | D:7      | Gained mutation: You expend magic power (3 MP) to strengthen your wands. [mutagenic meat]
  6328 | D:7      | Gained mutation: You evolve. [potion of mutation]
  6328 | D:7      | Lost mutation: You evolve. [potion of mutation]
  6372 | D:7      | You fall through a shaft for 2 floors!
  6372 | D:9      | Found a white marble altar of Elyvilon.
  6487 | D:9      | Found an iron altar of Okawaru.
  6500 | D:9      | Reached **** piety under Pakellas
  6500 | D:9      | Received a gift from Pakellas
  6517 | D:9      | Found a bloodstained altar of Trog.
  6522 | D:9      | Reached skill level 1 in Shields
  6551 | D:9      | Reached XP level 10. HP: 44/44 MP: 18/18
  6602 | D:9      | Reached skill level 1 in Fighting
  6714 | D:8      | Noticed Grum
  6730 | D:9      | Killed Grum
  6885 | D:8      | Reached skill level 11 in Evocations
  7040 | D:8      | Gained mutation: Your magical capacity is low (-10% MP). [mutagenic meat]
  7285 | D:7      | Learned a level 2 spell: Cure Poison
  7288 | D:7      | Learned a level 2 spell: Repel Missiles
  7291 | D:7      | Learned a level 2 spell: Swiftness
  7295 | D:7      | Learned a level 3 spell: Mephitic Cloud
  7549 | D:7      | Found a deep blue altar of Sif Muna.
  8108 | D:8      | Found a burning altar of Makhleb.
  8108 | D:8      | Found a glowing silver altar of Zin.
  8109 | D:8      | Noticed an angel
  8109 | D:8      | Noticed a blizzard demon
  8822 | D:9      | Found a blossoming altar of Fedhas.
  8833 | D:9      | Reached ***** piety under Pakellas
  8833 | D:9      | Received a gift from Pakellas
  9033 | D:10     | Entered Level 10 of the Dungeon
  9105 | D:10     | Noticed Erica
  9114 | D:10     | Killed Erica
  9114 | D:10     | Reached skill level 12 in Evocations
  9128 | D:10     | Noticed a hill giant
  9142 | D:10     | Killed a hill giant
  9142 | D:10     | Reached XP level 11. HP: 54/54 MP: 9/19
  9571 | D:10     | Identified a +0 rod of ignition (14/14) (You found it on level 10 of the Dungeon)
  9649 | D:10     | Noticed a hill giant
  9677 | D:10     | Killed a hill giant
  9677 | D:10     | Reached skill level 5 in Fighting
  9851 | D:10     | Found a staircase to the Lair.
  9877 | D:10     | Noticed a manticore
  9886 | D:10     | Killed a manticore
 10086 | D:11     | Reached skill level 13 in Evocations
 10763 | D:11     | Killed an unseen horror
 10763 | D:11     | Reached ****** piety under Pakellas
 10794 | D:11     | Identified a +10 rod of clouds (18/18) (supercharged by Pakellas)
 10918 | D:12     | Noticed a purple ugly thing
 10939 | D:12     | Killed a purple ugly thing
 10950 | D:12     | Gained mutation: You regenerate. [Vine Stalker growth]
 10950 | D:12     | Reached XP level 12. HP: 42/62 MP: 14/21
 11021 | D:12     | Reached skill level 14 in Evocations
 11250 | D:12     | Noticed Snorg
 11281 | D:12     | Killed Snorg
 11307 | D:12     | Got an ancient tin ring
 11330 | D:12     | Found a staircase to the Orcish Mines.
 11483 | D:12     | Gained mutation: You have large cloven feet. [mutagenic meat]
 11536 | D:12     | Identified the ring of the Fool {SustAt +Blink rF+++} (You took it off an orc on level 12 of the Dungeon)
 11700 | D:12     | Noticed Sonja
 11703 | D:12     | Killed Sonja
 11772 | D:12     | Noticed Frances
 11781 | D:12     | Killed Frances
 11781 | D:12     | Reached skill level 15 in Evocations
 12059 | D:13     | Noticed Kirke
 12069 | D:13     | Reached XP level 13. HP: 67/67 MP: 7/23
 12080 | D:13     | Killed Kirke
 12091 | D:13     | Identified a scroll of acquirement {!r}
 12378 | D:13     | Found an oddly glowing altar of Pakellas.
 12448 | D:13     | Reached skill level 16 in Evocations
 12960 | D:13     | Noticed Erolcha
 12970 | D:13     | Killed Erolcha
 13075 | D:13     | Found a gate to the Vaults.
 13235 | D:14     | Noticed a rakshasa
 13274 | D:14     | Killed a rakshasa
 13712 | D:14     | Reached XP level 14. HP: 72/72 MP: 24/24
 13729 | D:14     | Reached skill level 17 in Evocations
 13740 | D:14     | Gained mutation: You are partially covered in icy blue scales (AC +1). [mutagenic meat]
 13741 | D:14     | Gained mutation: Armour fits poorly on your strangely shaped body. [mutagenic meat]
 14107 | D:14     | Lost mutation: Your magical capacity is low (-10% MP). [mutagenic meat]
 14108 | D:14     | Gained mutation: Your movements are slightly less encumbered by armour (ER -2). [mutagenic meat]
 14109 | D:14     | Lost mutation: Armour fits poorly on your strangely shaped body. [mutagenic meat]
 14586 | D:15     | Entered Level 15 of the Dungeon
 14735 | D:15     | Gained mutation: You are very clumsy. (Dex -4) [mutagenic meat]
 14736 | D:15     | Gained mutation: You tend to lose your temper in combat. [mutagenic meat]
 14739 | D:15     | Gained mutation: You are somewhat resistant to further mutation. [mutagenic meat]
 14741 | D:15     | Lost mutation: You expend magic power (3 MP) to strengthen your wands. [mutagenic meat]
 14743 | D:15     | Gained mutation: You are somewhat resistant to both further mutation and mutation removal. [mutagenic meat]
 14821 | D:15     | Found a staircase to the Depths.
 14995 | D:15     | Reached skill level 10 in Dodging
 15209 | D:15     | Got a bloodstained robe
 15223 | D:15     | Identified the +1 robe of the Evil One {rElec Dex+3} (You found it on level 15 of the Dungeon)
 15606 | Depths:1 | Entered Level 1 of the Depths
 15606 | Depths:1 | Noticed a frost giant
 15614 | Depths:1 | Noticed a tentacled monstrosity
 15614 | Depths:1 | Killed a frost giant
 15614 | Depths:1 | Reached skill level 18 in Evocations
 15615 | Depths:1 | Noticed a purple very ugly thing
 15619 | Depths:1 | Noticed a purple very ugly thing
 15621 | Depths:1 | Slain by a purple very ugly thing

Skill      XL: |  1  2  3  4  5  6  7  8  9 10 11 12 13 14 |
---------------+-------------------------------------------+-----
Evocations     | 3 4 5 7 8 10 12 13 15 16 18 | 18.1
Dodging        | 2 3 4 5 6 7 9 10 | 10.3
Shields        | 3 4 |  4.0
Fighting       | 4 6 7 |  7.0
Short Blades   | |  0.8
Stealth        | |  1.2

Action                   |  1- 3 |  4- 6 |  7- 9 | 10-12 | 13-15 || total
-------------------------+-------+-------+-------+-------+-------++-------
Melee: Short sword       |    26 |       |       |       |       ||    26
       Bite              |    11 |    27 |   158 |   320 |   250 ||   766
       Dagger            |    32 |    83 |   597 |   947 |   566 ||  2225
 Cast: Repel Missiles    |       |       |       |     1 |     3 ||     4
Invok: Quick Charge      |       |       |       |    11 |     1 ||    12
       Supercharge       |       |       |       |     1 |       ||     1
Evoke: Wand              |     4 |    16 |    18 |    38 |    16 ||    92
       Rod               |       |       |       |    17 |    31 ||    48
       Phial of floods   |       |       |       |     1 |       ||     1
  Use: Scroll            |       |     8 |     8 |     5 |     7 ||    28
       Potion            |       |     2 |     6 |     1 |       ||     9
 Stab: Sleeping          |     5 |       |    10 |     2 |     3 ||    20
       Distracted        |       |       |     2 |       |       ||     2
       Confused          |       |       |       |     1 |     4 ||     5
       Paralysed         |       |       |       |     3 |       ||     3
  Eat: Chunk             |       |     1 |    16 |    24 |    27 ||    68
       Beef jerky        |       |       |     2 |       |     1 ||     3
       Royal jelly       |       |       |     1 |       |       ||     1
       Pizza             |       |       |     1 |       |       ||     1
       Meat ration       |       |       |       |     1 |       ||     1
       Bread ration      |       |       |       |       |     3 ||     3
Armor: Leather armour    |    13 |       |       |       |       ||    13
       Troll hide        |       |    15 |    64 |       |       ||    79
       Troll leather arm |       |       |    66 |   269 |   161 ||   496
Dodge: Dodged            |    21 |    29 |   292 |   383 |   269 ||   994
       Deflected         |       |       |       |     3 |     5 ||     8
Block: Other             |     7 |    17 |   107 |       |       ||   131
       Reflection        |       |       |     3 |    13 |    12 ||    28
       Buckler           |       |       |    34 |   524 |   304 ||   862
